 Dungeon Crawl Stone Soup version 0.31-a0-152-g6aa68a64a1 (webtiles) character file.

Game seed: 16883939059877875287

16 qw the Shooter (level 2, -1/25 HPs)
             Began as a Minotaur Hunter on June 10, 2023.
             Killed from afar by Sigmund (3 damage)
             ... with a magic dart
             ... on level 2 of the Dungeon.
             The game lasted 00:00:13 (618 turns).

qw the Shooter (Minotaur Hunter)                     Turns: 618, Time: 00:00:14

Health: -1/25      AC:  5    Str: 15    XL:     2   Next: 41%
Magic:  1/1        EV: 11    Int:  6    God:
Gold:   109        SH:  0    Dex: 13    Spells: 1/1 levels left

rFire   . . .        Y - +1 shortbow
rCold   . . .        (shield currently unavailable)
rNeg    . . .        d - +0 ring mail
rPois   .            (helmet restricted)
rElec   .            (no cloak)
rCorr   .            (no gloves)
SInv    .            (no boots)
Will    .....        (no amulet)
Stlth   +            (no ring)
HPRegen 0.24/turn    (no ring)
MPRegen 0.07/turn

%: no passive effects
@: no status effects
A: horns 2, retaliatory headbutt
a: no special abilities


You were on level 2 of the Dungeon.
You visited 1 branch of the dungeon, and saw 2 of its levels.

You collected 109 gold pieces.


Innate Abilities, Weirdness & Mutations

You have a pair of horns on your head.
You reflexively headbutt those who attack you in melee.


   Skills:
 - Level 2.5 Fighting
 - Level 5.0 Ranged Weapons
 + Level 0.8 Armour
 - Level 2.1 Dodging
 - Level 0.7 Stealth


You had one spell level left.
You didn't know any spells.
Your spell library was empty.

Inventory:

Hand Weapons
 Y - a +1 shortbow (weapon)
Armour
 d - a +0 ring mail (worn)
Scrolls
 g - a scroll of identify
Potions
 f - a potion of lignification {unknown}

Dungeon Overview and Level Annotations

Branches:
Dungeon (2/15)

Altars:

Annotations:
D:2 Sigmund


Message History

The arrow hits Sigmund.
Sigmund is lightly wounded.
You hear a shout!
A ball python comes into view.
You shoot an arrow. The ball python hisses angrily.
The arrow hits the ball python.
The ball python is heavily wounded.
Sigmund mumbles some strange words.
Sigmund flickers and vanishes!
Deactivating autopickup; reactivate with Ctrl-A.
A hobgoblin comes into view.
You hear a shout!
You shoot an arrow.
The arrow closely misses the ball python.
You shoot an arrow. The arrow hits the ball python!
You kill the ball python!
A magic dart appears from out of thin air!
The magic dart hits you.
You shoot an arrow. The arrow hits the ball python!
You kill the ball python!
You shoot an arrow. The arrow barely misses the hobgoblin.
You shoot an arrow. The arrow barely misses the hobgoblin.
Something hits you. The hobgoblin barely misses you. You furiously retaliate!
You headbutt the hobgoblin.
You kill the hobgoblin!
You shoot an arrow. Something hits you.
You shoot an arrow.
A magic dart appears from out of thin air!
The magic dart hits you.
You shoot an arrow. Something hits you!
You shoot an arrow. Something hits you but does no damage.
A kobold comes into view. It is wielding a +0 dagger.
618 ||| FLEEEEING.
A magic dart appears from out of thin air!
The magic dart hits you.
You die...

#..##.# .### ....#
....#######..#
............<#
#...........##
#.)...>.....[#####.##
#..........#.........
#..%......##.........
..#...%.@...###........
..K..{%.....# #........
#..###.###### #####..##
#.. ..# #.# ># #. # ..
##


You could see a kobold (wandering).

Vanquished Creatures
  2 ball pythons (D:2)
  A bat (D:1)
  2 endoplasms (D:1)
  A hobgoblin (D:2)
  2 quokkas (D:1)
  A frilled lizard (D:1)
  3 goblins (D:1)
  A kobold (D:1)
  A rat (D:1)
14 creatures vanquished.

Notes
Turn   | Place    | Note
-------+----------+-------------------------------------------
     0 | D:1      | qw the Minotaur Hunter began the quest for the Orb.
     0 | D:1      | Reached XP level 1. HP: 18/18 MP: 0/0
     0 | D:1      | 0 ||| qw: Version: 0.2-a-122-gbc61b45
     0 | D:1      | 0 ||| qw: Game counter: 3491
     0 | D:1      | 0 ||| qw: Always use a shield: true
     0 | D:1      | 0 ||| qw: God list: Okawaru
     0 | D:1      | 0 ||| qw: Allow faded altars: false
     0 | D:1      | 0 ||| qw: Do Orc after D:15 true
     0 | D:1      | 0 ||| qw: Do second Lair branch before Depths: true
     0 | D:1      | 0 ||| qw: Lair rune preference: random
     0 | D:1      | 0 ||| qw: Plans: Normal
     0 | D:1      | 0 ||| PLANNING D:1-11
   269 | D:1      | Found a faded altar of an unknown god.
   272 | D:1      | Reached XP level 2. HP: 25/25 MP: 1/1
   464 | D:1      | Reached skill level 5 in Ranged Weapons
   550 | D:1      | 550 ||| UPGRADING to +0 ring mail.
   560 | D:1      | 560 ||| DROPPING +0 leather armour.
   561 | D:1      | 561 ||| READING scroll labelled FAAF SUDY KEA.
   562 | D:1      | 562 ||| READING 2 scrolls labelled BOSAHO QICE.
   563 | D:1      | 563 ||| READING scroll labelled OCVOHOU CYHA.
   564 | D:1      | 564 ||| DROPPING scroll of butterflies.
   606 | D:2      | Noticed Sigmund
   616 | D:2      | HP: 1/25 [something (8)]
   618 | D:2      | 618 ||| FLEEEEING.
   618 | D:2      | Killed from afar by Sigmund

Levels and vault maps discovered:
D:1:      tarquinn_simple_flora_water_f, layout_basic,
          chequers_ecumenical_altar_simple
D:2:      layout_rooms, minmay_circle_x, uniq_sigmund

Skill      XL: |  1  2 |
---------------+-------+-----
Ranged Weapons | 5 |  5.0
Fighting       | |  2.5
Armour         | |  0.8
Dodging        | |  2.1
Stealth        | |  0.7

Action                     || total
---------------------------++-------
   Fire: Shortbow          ||    49
    Use: Scroll            ||     3
 Armour: Leather armour    ||     2
         Ring mail         ||     1
  Dodge: Dodged            ||    16

Table legend:
 A = Non-vault XP
 B = Vault XP
 C = Vault XP percentage of total XP
 D = Non-vault monster count
 E = Vault monster count
 F = Vault count percentage of total count
                 A         B        C        D         E       F
            +---------+---------+-------+---------+---------+-------
      Total |      18 |       6 |  25.0 |      11 |       3 |  21.4
            +---------+---------+-------+---------+---------+-------
        D:1 |      18 |       0 |   0.0 |      11 |       0 |   0.0
        D:2 |       0 |       6 | 100.0 |       0 |       3 | 100.0
            +---------+---------+-------+---------+---------+-------
